[ AOE2 MATCH · #495723549 ]
UnrankedShu vs Romans
Player's team · WIN
Rival team · LOSS
[ REPLAY ANALYSIS · EXTRACTED FROM THE RECORDED GAME ]
Feudal
10:36
Castle
14:38
Imperial
—
| APM avg | 51.9 |
| APM peak | 82 |
| eAPM avg | 24.2 |
| Villagers / military | 73 / 34 |
Focus
⚔️ 39.9% · 🌾 60.1%
Unknown (1962) ×42 · Mangonel ×29 · Battering Ram ×5
Feudal
9:16
Castle
20:21
Imperial
—
| APM avg | 54.7 |
| APM peak | 101 |
| eAPM avg | 19.6 |
| Villagers / military | 84 / 50 |
Focus
⚔️ 27.8% · 🌾 72.2%
Knight ×19 · Mangonel ×15 · Archer ×10 · Militia ×3 · Battering Ram ×2 · Monk ×1
Match map
Initial resources + every placement click. Lines = walls · curves = elevation contours. ◆ gold · ⬟ stone · ● berries · ✦ relic · ◌ wall gap
Your base· Open — unwalled flank
nottegente4's base· Open — unwalled flank
Smoothed initial terrain · ◌ = detected wall gap · hover for details
Inputs per minute
— Singapura_Routeline - - nottegente4
Build order — Singapura_Routeline
First 150 of 207 actions detected
| 0:01 | Create | Villager (Male) |
| 0:01 | Create | Villager (Male) |
| 0:01 | Create | Villager (Male) |
| 0:02 | Build | House |
| 0:03 | Build | House |
| 0:13 | Create | Villager (Male) |
| 0:13 | Create | Villager (Male) |
| 1:33 | Create | Villager (Male) |
| 1:34 | Create | Villager (Male) |
| 2:06 | Create | Villager (Male) |
| 2:06 | Create | Villager (Male) |
| 2:25 | Create | Villager (Male) |
| 2:25 | Create | Villager (Male) |
| 2:51 | Create | Villager (Male) |
| 2:51 | Create | Villager (Male) |
| 3:10 | Create | Villager (Male) |
| 3:13 | Create | Villager (Male) |
| 3:16 | Build | Lumber Camp |
| 3:21 | Build | House |
| 3:23 | Build | House |
| 3:56 | Create | Villager (Male) |
| 3:56 | Create | Villager (Male) |
| 4:15 | Build | House |
| 4:21 | Create | Villager (Male) |
| 4:35 | Create | Villager (Male) |
| 5:02 | Build | House |
| 5:06 | Build | Palisade Wall |
| 5:09 | Create | Villager (Male) |
| 5:24 | Create | Villager (Male) |
| 5:35 | Build | House |
| 6:04 | Build | Mill |
| 6:21 | Create | Villager (Male) |
| 6:21 | Create | Villager (Male) |
| 6:21 | Create | Villager (Male) |
| 6:39 | Create | Villager (Male) |
| 7:14 | Build | Mill |
| 7:59 | Research | Loom |
| 8:00 | Research | Feudal Age |
| 9:01 | Build | House |
| 9:07 | Build | Palisade Wall |
| 9:09 | Build | Palisade Wall |
| 9:14 | Create | Villager (Male) |
| 9:14 | Create | Villager (Male) |
| 10:00 | Build | Palisade Gate |
| 10:09 | Create | Villager (Male) |
| 10:36 | Age | Feudal Age |
| 11:04 | Build | Blacksmith |
| 11:10 | Build | Market |
| 11:24 | Build | Palisade Wall |
| 11:58 | Research | Castle Age |
| 11:59 | Research | Castle Age |
| 13:42 | Build | Mining Camp |
| 13:57 | Build | Farm |
| 13:58 | Build | Farm |
| 14:03 | Research | Gold Mining |
| 14:06 | Research | Double-Bit Axe |
| 14:24 | Create | Villager (Male) |
| 14:38 | Age | Castle Age |
| 14:44 | Build | Siege Workshop |
| 14:48 | Create | Villager (Male) |
| 15:15 | Create | Unit 1962 |
| 15:15 | Create | Unit 1962 |
| 15:38 | Create | Villager (Male) |
| 16:00 | Create | Villager (Male) |
| 16:05 | Create | Unit 1962 |
| 16:05 | Create | Unit 1962 |
| 16:17 | Create | Villager (Male) |
| 16:41 | Create | Battering Ram |
| 16:41 | Create | Battering Ram |
| 17:31 | Create | Unit 1962 |
| 17:32 | Create | Villager (Male) |
| 17:32 | Create | Villager (Male) |
| 17:32 | Create | Villager (Male) |
| 18:19 | Create | Unit 1962 |
| 18:20 | Create | Villager (Male) |
| 18:20 | Create | Villager (Male) |
| 18:51 | Build | Farm |
| 19:13 | Create | Battering Ram |
| 19:14 | Create | Villager (Male) |
| 19:14 | Create | Villager (Male) |
| 19:25 | Create | Villager (Male) |
| 19:31 | Create | Unit 1962 |
| 19:59 | Create | Unit 1962 |
| 20:00 | Create | Villager (Male) |
| 20:30 | Create | Battering Ram |
| 20:37 | Create | Villager (Male) |
| 20:40 | Build | House |
| 20:43 | Build | House |
| 20:56 | Build | Siege Workshop |
| 21:06 | Create | Villager (Male) |
| 21:41 | Create | Battering Ram |
| 21:43 | Build | House |
| 21:46 | Create | Unit 1962 |
| 21:46 | Create | Unit 1962 |
| 22:29 | Create | Mangonel |
| 22:29 | Create | Mangonel |
| 22:30 | Build | House |
| 22:34 | Create | Unit 1962 |
| 22:47 | Create | Villager (Male) |
| 23:02 | Build | House |
| 23:09 | Create | Unit 1962 |
| 23:09 | Create | Unit 1962 |
| 23:30 | Create | Villager (Male) |
| 23:47 | Create | Mangonel |
| 23:47 | Create | Mangonel |
| 23:59 | Create | Villager (Male) |
| 24:05 | Create | Villager (Male) |
| 24:10 | Create | Mangonel |
| 24:27 | Create | Unit 1962 |
| 24:58 | Create | Mangonel |
| 24:58 | Create | Mangonel |
| 25:09 | Create | Villager (Male) |
| 25:09 | Create | Villager (Male) |
| 25:10 | Create | Villager (Male) |
| 25:26 | Create | Mangonel |
| 25:53 | Create | Unit 1962 |
| 26:21 | Create | Villager (Male) |
| 26:21 | Create | Villager (Male) |
| 26:45 | Create | Mangonel |
| 26:45 | Create | Mangonel |
| 26:47 | Create | Unit 1962 |
| 26:48 | Create | Unit 1962 |
| 26:48 | Create | Unit 1962 |
| 27:10 | Create | Villager (Male) |
| 27:10 | Create | Villager (Male) |
| 27:12 | Build | Farm |
| 27:13 | Build | Farm |
| 27:41 | Create | Mangonel |
| 27:54 | Create | Unit 1962 |
| 28:31 | Create | Mangonel |
| 28:33 | Create | Unit 1962 |
| 28:33 | Create | Unit 1962 |
| 28:34 | Create | Unit 1962 |
| 28:40 | Build | Mining Camp |
| 29:15 | Create | Mangonel |
| 29:15 | Create | Mangonel |
| 29:26 | Create | Unit 1962 |
| 29:27 | Create | Unit 1962 |
| 29:54 | Create | Unit 1962 |
| 30:12 | Create | Unit 1962 |
| 30:26 | Create | Mangonel |
| 30:29 | Create | Mangonel |
| 30:29 | Create | Mangonel |
| 30:33 | Create | Villager (Male) |
| 30:33 | Create | Villager (Male) |
| 30:34 | Create | Villager (Male) |
| 30:35 | Build | Farm |
| 31:29 | Create | Mangonel |
| 31:29 | Create | Mangonel |
| 31:39 | Create | Unit 1962 |
Build order — nottegente4
First 150 of 223 actions detected
| 0:01 | Create | Villager (Male) |
| 0:01 | Create | Villager (Male) |
| 0:01 | Create | Villager (Male) |
| 0:02 | Create | Villager (Male) |
| 0:02 | Create | Villager (Male) |
| 0:03 | Build | House |
| 0:04 | Build | House |
| 1:35 | Create | Villager (Male) |
| 2:00 | Create | Villager (Male) |
| 2:01 | Create | Villager (Male) |
| 2:26 | Build | Lumber Camp |
| 2:47 | Create | Villager (Male) |
| 2:48 | Create | Villager (Male) |
| 3:15 | Create | Villager (Male) |
| 3:16 | Create | Villager (Male) |
| 3:34 | Build | House |
| 3:35 | Build | House |
| 4:07 | Create | Villager (Male) |
| 4:26 | Create | Villager (Male) |
| 4:30 | Build | Mining Camp |
| 4:40 | Create | Villager (Male) |
| 5:10 | Create | Villager (Male) |
| 5:28 | Create | Villager (Male) |
| 5:31 | Create | Villager (Male) |
| 5:31 | Research | Loom |
| 6:46 | Build | Barracks |
| 7:03 | Research | Feudal Age |
| 7:38 | Build | Mill |
| 7:51 | Create | Militia |
| 7:51 | Create | Militia |
| 8:07 | Build | House |
| 8:17 | Create | Militia |
| 8:46 | Build | Mill |
| 8:50 | Create | Villager (Male) |
| 9:16 | Age | Feudal Age |
| 9:18 | Build | Archery Range |
| 9:30 | Research | Man-at-Arms (upgrade) |
| 9:49 | Build | Farm |
| 9:52 | Create | Villager (Male) |
| 10:11 | Build | Farm |
| 10:26 | Build | House |
| 10:32 | Create | Villager (Male) |
| 10:35 | Create | Archer |
| 10:35 | Create | Archer |
| 10:53 | Build | Farm |
| 10:56 | Create | Villager (Male) |
| 11:03 | Create | Villager (Male) |
| 11:06 | Build | House |
| 11:08 | Build | Palisade Wall |
| 11:16 | Create | Archer |
| 11:41 | Create | Villager (Male) |
| 11:49 | Create | Archer |
| 12:03 | Create | Villager (Male) |
| 12:07 | Build | Blacksmith |
| 12:10 | Create | Villager (Male) |
| 12:35 | Create | Villager (Male) |
| 12:47 | Create | Villager (Male) |
| 12:49 | Create | Archer |
| 13:11 | Build | Farm |
| 13:12 | Build | Farm |
| 13:34 | Create | Archer |
| 13:52 | Create | Villager (Male) |
| 14:12 | Create | Villager (Male) |
| 14:14 | Research | Fletching |
| 14:29 | Build | Farm |
| 14:30 | Build | Farm |
| 14:51 | Create | Archer |
| 14:53 | Create | Villager (Male) |
| 14:55 | Build | House |
| 14:56 | Build | House |
| 15:15 | Create | Archer |
| 15:16 | Create | Villager (Male) |
| 15:18 | Build | House |
| 15:18 | Build | House |
| 15:25 | Build | Lumber Camp |
| 15:38 | Create | Archer |
| 15:38 | Create | Archer |
| 15:43 | Create | Villager (Male) |
| 15:55 | Create | Villager (Male) |
| 16:13 | Create | Villager (Male) |
| 16:17 | Build | Market |
| 16:26 | Create | Villager (Male) |
| 17:17 | Research | Castle Age |
| 17:50 | Build | Farm |
| 17:55 | Build | Mining Camp |
| 18:17 | Create | Villager (Male) |
| 18:23 | Build | House |
| 18:24 | Build | House |
| 18:32 | Build | House |
| 18:42 | Build | Farm |
| 19:17 | Build | Watch Tower |
| 19:24 | Create | Villager (Male) |
| 19:48 | Research | Double-Bit Axe |
| 19:54 | Research | Horse Collar |
| 20:21 | Age | Castle Age |
| 20:21 | Create | Villager (Male) |
| 20:32 | Build | Siege Workshop |
| 20:39 | Create | Villager (Male) |
| 21:05 | Create | Mangonel |
| 21:09 | Create | Villager (Male) |
| 21:33 | Create | Villager (Male) |
| 21:44 | Build | Farm |
| 21:45 | Build | Farm |
| 21:59 | Build | Farm |
| 22:00 | Build | Siege Workshop |
| 22:29 | Create | Villager (Male) |
| 22:35 | Create | Villager (Male) |
| 22:38 | Build | Farm |
| 22:38 | Build | Farm |
| 22:50 | Create | Villager (Male) |
| 22:59 | Create | Mangonel |
| 23:27 | Create | Villager (Male) |
| 23:35 | Create | Villager (Male) |
| 23:38 | Build | Stable |
| 23:47 | Build | Farm |
| 23:54 | Create | Battering Ram |
| 24:07 | Build | Outpost |
| 24:09 | Research | Town Watch |
| 24:17 | Build | Farm |
| 24:20 | Build | Farm |
| 24:50 | Create | Villager (Male) |
| 25:10 | Create | Mangonel |
| 25:17 | Create | Villager (Male) |
| 25:46 | Create | Villager (Male) |
| 25:54 | Build | Mining Camp |
| 26:02 | Build | Farm |
| 26:08 | Create | Mangonel |
| 26:38 | Create | Villager (Male) |
| 26:44 | Build | Siege Workshop |
| 26:58 | Create | Villager (Male) |
| 27:03 | Create | Knight |
| 27:13 | Create | Villager (Male) |
| 27:48 | Create | Mangonel |
| 27:49 | Create | Villager (Male) |
| 27:53 | Create | Knight |
| 27:54 | Create | Knight |
| 27:54 | Create | Knight |
| 27:54 | Create | Knight |
| 28:14 | Create | Villager (Male) |
| 28:19 | Build | Farm |
| 28:19 | Build | Farm |
| 28:33 | Create | Villager (Male) |
| 28:36 | Build | Farm |
| 28:36 | Build | Farm |
| 29:23 | Create | Mangonel |
| 29:29 | Create | Villager (Male) |
| 29:29 | Create | Villager (Male) |
| 29:32 | Create | Knight |
| 29:53 | Create | Villager (Male) |
| 29:53 | Create | Villager (Male) |
Match timeline
| 5:06 | Singapura_Routeline · wall_segment Palisade Wall x1 |
| 6:46 | nottegente4 · first_building Barracks |
| 9:07 | Singapura_Routeline · wall_segment Palisade Wall x1 |
| 9:09 | Singapura_Routeline · wall_segment Palisade Wall x1 |
| 9:16 | nottegente4 · age_up feudal |
| 9:18 | nottegente4 · first_building Archery Range |
| 10:36 | Singapura_Routeline · age_up feudal |
| 11:08 | nottegente4 · wall_segment Palisade Wall x1 |
| 11:24 | Singapura_Routeline · wall_segment Palisade Wall x1 |
| 11:56 | Singapura_Routeline · first_market_sell 100 stone |
| 14:38 | Singapura_Routeline · age_up castle |
| 14:44 | Singapura_Routeline · first_building Siege Workshop |
| 15:13 | Singapura_Routeline · first_market_buy 100 food |
| 17:09 | nottegente4 · first_market_sell 100 wood |
| 17:12 | nottegente4 · first_market_buy 100 food |
| 20:21 | nottegente4 · age_up castle |
| 20:32 | nottegente4 · first_building Siege Workshop |
| 23:38 | nottegente4 · first_building Stable |
| 33:56 | Singapura_Routeline · wall_segment Palisade Wall x1 |
| 34:00 | Singapura_Routeline · wall_segment Palisade Wall x1 |
| 35:41 | nottegente4 · first_building Monastery |
| 36:25 | Singapura_Routeline · wall_segment Palisade Wall x1 |
| 36:27 | Singapura_Routeline · wall_segment Palisade Wall x2 |
| 40:00 | nottegente4 · resign |
[ AI ANALYSIS · 1 CREDIT ]
What really happened in this match?
Wolo.gg analyzes every decision: build order, eco, micro, common mistakes by bracket. Personalized analysis on WhatsApp or Discord in 30 seconds.
Civ guide
Shu
Perfil
Singapura_Routeline